 Dungeon Crawl Stone Soup version 0.28.0 (webtiles) character file.

Game seed: 2773069085958336621

8017 pkoi the Zephyrmancer (level 11, -6/77 HPs)
             Began as a Yellow Draconian Air Elementalist on Feb 8, 2022.
             Was a Believer of Sif Muna.
             Mangled by an orc knight (30 damage)
             ... in a bailey.
             The game lasted 00:23:35 (16379 turns).

pkoi the Zephyrmancer (DrAE)                       Turns: 16379, Time: 00:23:36

Health: -6/77      AC: 12    Str: 12    XL:     11   Next: 4%
Magic:  16/18      EV: 12    Int: 19    God:    Sif Muna [**....]
Gold:   395        SH:  0    Dex: 11    Spells: 6/20 levels left

rFire   . . .      SeeInvis +   p - +3 dagger (venom)
rCold   + . .      Faith    .   (no shield)
rNeg    . . .      Spirit   .   (armour unavailable)
rPois   .          Reflect  .   (helmet restricted)
rElec   .          Harm     .   c - +1 cloak
rCorr   +          Rampage  .   (no gloves)
Will    .....                   r - +2 pair of boots
Stlth   ++........              (no amulet)
HPRegen 0.22/turn               b - ring of protection from cold
MPRegen 0.16/turn               s - ring of see invisible

@: brilliant, short of breath
A: spit acid, AC +7, unfitting armour, cold-blooded, acid resistance
a: Breathe Acid, Renounce Religion, Channel Magic


You were in a bailey.
You worshipped Sif Muna.
Sif Muna was pleased with you.
You visited 2 branches of the dungeon, and saw 11 of its levels.
You also visited: Bailey.

You collected 395 gold pieces.

Inventory:

Hand Weapons
 j - a +0 quarterstaff of protection
 o - the +6 dagger of Zin's Envy {freeze, Fly rPois rF- Will+}
   (You found it on level 7 of the Dungeon)

   It freezes those it strikes, dealing additional cold damage.
   It can also slow down cold-blooded creatures.
   rF:        It makes you vulnerable to fire.
   rPois:     It protects you from poison.
   Fly:       It grants you flight.
   Will:      It increases your willpower.
 p - a +3 dagger of venom (weapon)
Missiles
 l - 5 curare-tipped darts
 v - a throwing net
Armour
 c - a +1 cloak (worn)
 r - a +2 pair of boots (worn)
Jewellery
 b - a ring of protection from cold (left hand)
 s - a ring of see invisible (right hand)
Wands
 q - a wand of flame (28)
 w - a wand of acid (1)
Scrolls
 f - 2 scrolls of fear
 i - 2 scrolls of teleportation
 u - a scroll of fog
 x - a scroll of enchant armour {unknown}
 y - 3 scrolls of blinking
Potions
 a - a potion of heal wounds
 d - a potion of attraction
 e - 2 potions of brilliance
 g - a potion of magic
 h - 3 potions of curing
 k - a potion of might {unknown}
 m - 2 potions of flight
 n - 2 potions of haste
 t - 2 potions of degeneration {unknown}


   Skills:
 - Level 1.1 Fighting
 - Level 1.0 Staves
 - Level 3.0 Dodging
 - Level 1.7 Stealth
 + Level 5.2 Spellcasting
 + Level 2.0 Conjurations
 + Level 0.1 Transmutations
 + Level 0.1 Fire Magic
 + Level 13.7 Air Magic
 + Level 0.1 Poison Magic
 - Level 9.0 Invocations


You had 6 spell levels left.
You knew the following spells:

 Your Spells              Type           Power      Damage    Failure   Level
a - Shock                 Conj/Air       100%       1d9       1%          1
b - Swiftness             Air            71%        N/A       1%          3
c - Airstrike             Air            35%        N/A       1%          4
d - Mephitic Cloud        Conj/Pois/Air  37%        N/A       4%          3
e - Ignite Poison         Fire/Tmut/Pois 8%         N/A       34%         3

Your spell library contained the following spells:

 Spells                   Type           Power      Damage    Failure   Level
 Static Discharge         Conj/Air       51%        N/A       1%          2
 Magic Dart               Conj           76%        1d6       5%          1
 Call Imp                 Summ           7%         N/A       19%         2
 Conjure Flame            Conj/Fire      13%        6-21      24%         3
 Sticky Flame             Conj/Fire      13%        2d4       61%         4
 Fireball                 Conj/Fire      6%         3d5       91%         5
 Starburst                Conj/Fire      6%         6d4       100%        6
 Ignition                 Fire           4%         3d4       100%        8


Dungeon Overview and Level Annotations

Branches:
Dungeon (10/15)            Temple (1/1) D:6            Lair (0/6) D:9
 Bailey (1/1)
    Orc: D:9-12

Altars:
Ashenzari
Cheibriados
Dithmenos
Elyvilon
Fedhas
Gozag
Hepliaklqana
Kikubaaqudgha
Makhleb
Nemelex Xobeh
Okawaru
Qazlal
Ru
Sif Muna
Trog
Uskayaw
Vehumet
Wu Jian
Xom
Yredelemnul
Zin
The Shining One

Shops:
D:2 *   D:4 :


Innate Abilities, Weirdness & Mutations

You can spit globs of acid.
Your golden yellow scales are hard. (AC +7)
You cannot fit into any form of body armour.
You are cold-blooded and may be slowed by cold attacks.
You are resistant to acid. (rCorr)


Message History

Press: ? - help, Q - select action, (/) - cycle Dir - move target, f/p - orc knight
Aim: an orc knight, wielding a +0 glaive and wearing a +0 chain mail (lightly wounded, empty space bonus: 6/8)
You feel a surge of power!
The air twists around and strikes the orc knight!
The orc knight is moderately wounded.
The orc knight hits you from afar with a +0 glaive!
* * * LOW HITPOINT WARNING * * *
Aiming: Airstrike (safe; 1% risk of failure)
Press: ? - help, Q - select action, (/) - cycle Dir - move target, f/p - orc knight
Aim: an orc knight, wielding a +0 glaive and wearing a +0 chain mail (moderately wounded, empty space bonus: 6/8)
You feel a surge of power!
The air twists around and strikes the orc knight.
The orc knight is moderately wounded.
The orc knight barely misses you.
Aiming: Airstrike (safe; 1% risk of failure)
Press: ? - help, Q - select action, (/) - cycle Dir - move target, f/p - orc knight
Aim: an orc knight, wielding a +0 glaive and wearing a +0 chain mail (moderately wounded, empty space bonus: 6/8)
You feel a surge of power!
The air twists around and strikes the orc knight!
The orc knight is heavily wounded.
The orc knight hits you from afar with a +0 glaive!!
* * * LOW HITPOINT WARNING * * *
The orc warrior no longer looks unusually strong.
The orc knight roars a battlecry!
The orc warrior goes into a battle-frenzy!
Press: ? - help, Shift-Dir - straight line, f/p - orc knight
Aim: an orc knight, wielding a +0 glaive and wearing a +0 chain mail (heavily wounded, 60% to hit)
You spit a glob of acid.
The glob of acid hits the orc knight!
The acid corrodes the orc knight!
The acid splashes onto the orc warrior!
The orc warrior is splashed with acid.
The orc knight is severely wounded.
You feel less invigorated.
Aiming: Airstrike (safe; 1% risk of failure)
Press: ? - help, Q - select action, (/) - cycle Dir - move target, f/p - orc knight
Aim: an orc knight, wielding a +0 glaive and wearing a +0 chain mail (severely wounded, covered in acid, empty space bonus: 5/8)
You feel a surge of power!
The air twists around and strikes the orc knight!
The orc knight is almost dead.
The orc knight hits you from afar with a +0 glaive!!
You die... ........)≈.# ########)≈.# #.$$$.##.≈.# .$.##..≈.# ....§ ##.##..≈≈.# ..⌠.. #+#..≈≈.∩# o⌠∩⌠. #..≈≈.## oo...

##..≈≈.# ≈≈≈ ##.@≈.#
. ##.≈.#
##+#############oo.#
.....##......o...≈.#
#.∩.##.)o≈≈≈≈≈≈≈≈≈.#
## ##..≈≈..........#
.###..≈≈..##########
.....≈≈..##
≈≈≈≈≈≈..##


You could see an orc knight (corroded) and an orc warrior (strong).

Vanquished Creatures
  Harold (D:7)
  Sonja (D:10)
  3 centaur zombies
  2 trolls
  10 yaks
  Eustachio (D:5)
  A steam dragon (D:7)
  4 vampire mosquitoes
  Grum (D:10)
  Menkaure (D:4)
  An orc warrior (Bailey)
  2 ice beasts
  2 sky beasts (D:5)
  A black bear (D:6)
  A hornet zombie (D:6)
  2 ogres
  3 wolves (D:10)
  3 necrophages
  5 centaurs
  A phantom (D:6)
  A wyvern zombie (D:8)
  3 bullfrogs
  2 scorpions (D:7)
  A wyvern skeleton (D:6)
  A water moccasin skeleton (D:5)
  2 howler monkeys
  3 wights (D:8)
  An electric eel (D:6)
  A bullfrog zombie (D:7)
  2 jellies
  2 orc priests
  A gnoll shaman (D:7)
  Jessica (D:3)
  Ijyb (D:4)
  5 iguanas
  5 orc wizards
  2 killer bee zombies
  A howler monkey zombie (D:8)
  7 adders
  9 gnolls
  2 white imps
  An ufetubus (D:5)
  A worm (D:1)
  A dart slug (D:4)
  15 orcs
  6 endoplasms
  3 giant cockroaches
  7 hobgoblins
  6 jackals (D:3)
  6 quokkas
  5 ball pythons
  7 bats
  3 frilled lizards
  17 goblins
  4 kobolds
  9 rats
190 creatures vanquished.

Vanquished Creatures (others)
  A fungus (D:3)
1 creature vanquished.

Grand Total: 191 creatures vanquished

Notes
Turn   | Place    | Note
-------+----------+-------------------------------------------
     0 | D:1      | pkoi the Draconian Air Elementalist began the quest for the
                  | Orb.
     0 | D:1      | Reached XP level 1. HP: 14/14 MP: 3/3
   618 | D:1      | Reached XP level 2. HP: 20/20 MP: 1/5
   962 | D:1      | Reached skill level 4 in Air Magic
  1109 | D:1      | Reached XP level 3. HP: 26/26 MP: 3/6
  1113 | D:1      | Learned a level 3 spell: Swiftness
  1645 | D:2      | Found Olesiyho's Assorted Antiques.
  2732 | D:3      | Reached XP level 4. HP: 33/33 MP: 3/7
  2822 | D:3      | Noticed a centaur
  2845 | D:3      | Killed a centaur
  2846 | D:3      | Reached skill level 5 in Air Magic
  2846 | D:3      | Reached XP level 5. HP: 14/39 MP: 0/8
  3389 | D:3      | Found a shimmering blue altar of Sif Muna.
  3403 | D:3      | Became a worshipper of Sif Muna the Loreminder
  3572 | D:3      | Reached skill level 1 in Fighting
  3673 | D:3      | Noticed Jessica
  3679 | D:3      | Killed Jessica
  3680 | D:3      | Reached skill level 1 in Staves
  4218 | D:4      | Noticed Ijyb
  4228 | D:4      | Killed Ijyb
  4412 | D:4      | Found Mirhuh's Book Emporium.
  4507 | D:4      | Reached XP level 6. HP: 47/47 MP: 9/9
  4511 | D:4      | Reached skill level 1 in Invocations
  4857 | D:4      | Noticed an ice beast
  4871 | D:4      | Killed an ice beast
  4933 | D:4      | Learned a level 4 spell: Airstrike
  5000 | D:4      | Noticed Menkaure
  5013 | D:4      | Killed Menkaure
  5014 | D:4      | Reached skill level 6 in Air Magic
  5014 | D:4      | Your scales start taking on a golden yellow colour.
  5014 | D:4      | Reached XP level 7. HP: 12/52 MP: 6/11
  5014 | D:4      | Gained mutation: You are resistant to acid. (rCorr) [Yellow
                  | Draconian growth]
  5528 | D:4      | Reached * piety under Sif Muna
  5673 | D:5      | Entered Level 5 of the Dungeon
  5952 | D:5      | You fall into a shaft and drop 3 floors!
  5977 | D:7      | Reached skill level 7 in Air Magic
  6240 | D:7      | Reached XP level 8. HP: 59/59 MP: 6/12
  6296 | D:7      | Reached skill level 5 in Invocations
  6969 | D:6      | Found a burning altar of Makhleb.
  6970 | D:6      | Found a blossoming altar of Fedhas.
  6971 | D:6      | Found a snail-covered altar of Cheibriados.
  6971 | D:6      | Found a glowing silver altar of Zin.
  6974 | D:6      | Found a radiant altar of Vehumet.
  6975 | D:6      | Found an iron altar of Okawaru.
  6976 | D:6      | Found a broken altar of Ashenzari.
  7238 | D:7      | Noticed Harold
  7246 | D:7      | HP: 1/59 [Harold (11)]
  7804 | D:5      | Reached skill level 8 in Air Magic
  8403 | D:5      | Noticed Eustachio
  8429 | D:5      | Killed Eustachio
  8962 | D:6      | Reached skill level 9 in Air Magic
  9009 | D:6      | Reached XP level 9. HP: 64/64 MP: 5/14
  9807 | D:6      | Found a staircase to the Ecumenical Temple.
 10192 | Temple   | Entered the Ecumenical Temple
 10642 | D:6      | Reached skill level 10 in Air Magic
 10659 | D:6      | Reached ** piety under Sif Muna
 10966 | D:7      | Reached skill level 11 in Air Magic
 11253 | D:7      | Identified the +6 dagger of Zin's Envy {freeze, Fly rPois
                  | rF- Will+}
 11394 | D:7      | Killed Harold
 11395 | D:7      | Reached skill level 12 in Air Magic
 11921 | D:8      | Noticed a troll
 11949 | D:8      | Killed a troll
 11950 | D:8      | Reached XP level 10. HP: 71/71 MP: 5/15
 14592 | D:9      | Reached skill level 13 in Air Magic
 14878 | D:9      | Found a staircase to the Lair.
 15159 | D:9      | Identified the +6 hunting sling of Ucoumauni {speed, *Slow
                  | rElec Dex+4}
 15537 | D:10     | Entered Level 10 of the Dungeon
 15811 | D:10     | Noticed Sonja
 15813 | D:10     | Killed Sonja
 15814 | D:10     | Reached skill level 5 in Spellcasting
 15930 | D:10     | Noticed Grum
 15942 | D:10     | Killed Grum
 15943 | D:10     | Reached XP level 11. HP: 41/77 MP: 13/18
 15981 | D:10     | Found a flagged portal.
 15991 | Bailey   | Entered a bailey
 16237 | Bailey   | Learned a level 3 spell: Mephitic Cloud
 16241 | Bailey   | Learned a level 3 spell: Ignite Poison
 16345 | Bailey   | Noticed an orc knight
 16345 | Bailey   | Noticed an orc knight
 16379 | Bailey   | Mangled by an orc knight

Illustrated notes

Levels and vault maps discovered:
D:1:      onia_arrival_mini_maze_b, layout_loops_cross
D:2:      layout_loops_cross, serial_shops, shop_fountains
D:3:      layout_loops_ring, mainiacjoe_overflow_cross_hatched,
          minmay_statues_item, uniq_jessica
D:4:      cheibrodos_greedy_goblins, layout_loops_ring, serial_shops, shop,
          uniq_ijyb, uniq_menkaure
D:5:      layout_loops_cross, chequers_arboretum, kennysheep_boxes,
          uniq_eustachio
D:6:      layout_basic, minitemple, minmay_temple_entry_gardened_gates,
          kennysheep_big_empty_room, minmay_misc_feat_plants
D:7:      layout_loops_corners, uniq_harold
D:8:      layout_basic
D:9:      layout_gridville, lair_entry_dummy, minmay_misc_feat_iff
D:10:     layout_gridville, special_room [special_room_kobold], enter_bailey_5,
          jiyva_altar_1, uniq_grum, uniq_sonja
Temple:   eino_narrow_crystal_temple
Bailey:   bailey_polearm_1, bailey

Skill      XL: |  1  2  3  4  5  6  7  8  9 10 |
---------------+-------------------------------+-----
Air Magic      | 4 5 6 7 9 12 13 | 13.7
Dodging        | 2 3 |  3.0
Fighting       | 1 |  1.1
Staves         | 1 |  1.0
Conjurations   | 2 |  2.0
Invocations    | 2 4 7 9 |  9.0
Spellcasting   | 3 5 |  5.2
Stealth        | |  1.7
Transmutations | |  0.1
Fire Magic     | |  0.1
Poison Magic   | |  0.1

Action                   |  1- 3 |  4- 6 |  7- 9 | 10-12 || total
-------------------------+-------+-------+-------+-------++-------
Melee: Mace              |    18 |       |       |       ||    18
       Quarterstaff      |    11 |    23 |    41 |     4 ||    79
       Tailslap          |     1 |     8 |    21 |    12 ||    42
       Dagger            |       |    24 |   103 |    73 ||   200
       Punch             |       |       |     3 |       ||     3
 Cast: Shock             |    96 |    68 |    77 |       ||   241
       Airstrike         |       |       |    55 |    78 ||   133
Invok: Channel Magic     |       |       |     2 |     4 ||     6
 Abil: Breathe Acid      |       |       |    11 |     4 ||    15
  Use: Scroll            |       |     8 |     7 |     3 ||    18
       Potion            |       |     1 |     3 |     1 ||     5
 Stab: Sleeping          |       |     1 |     1 |       ||     2
Armor: Skin              |    11 |    29 |   115 |    59 ||   214
Dodge: Dodged            |    37 |    52 |   140 |    76 ||   305
